 Dungeon Crawl Stone Soup version 0.32-a0-377-g951292165a (webtiles) character file.

Game seed: 2732871365263101473

219 Anathary the Chopper (level 5, -2/46 HPs)
             Began as a Mountain Dwarf Fighter on Feb 19, 2024.
             Slain by Crazy Yiuf
             ... wielding a +3 quarterstaff of chaos
              (14 damage)
             ... on level 2 of the Dungeon.
             The game lasted 00:05:00 (1559 turns).

Anathary the Chopper (Mountain Dwarf Fighter)       Turns: 1559, Time: 00:05:01

Health: -2/46      AC:  7    Str: 25    XL:     5   Next: 63%
Magic:  0/5        EV:  9    Int: 10    God:
Gold:   86         SH:  5    Dex: 15    Spells: 4/4 levels left

rFire   . . .        a - +0 war axe
rCold   . . .        c - +0 buckler
rNeg    . . .        b - +0 scale mail
rPois   .            (no helmet)
rElec   .            (no cloak)
rCorr   .            (no gloves)
SInv    .            (no boots)
Will    .....        (no amulet) Stlth
                     f - +6 ring of dexterity
HPRegen 0.27/turn    g - +6 ring of strength
MPRegen 0.09/turn

%: no passive effects
@: no status effects
A: runic magic, artefact enchanting
a: no special abilities


You were on level 2 of the Dungeon.
You visited 1 branch of the dungeon, and saw 2 of its levels.

You collected 86 gold pieces.

Inventory:

Hand Weapons
 a - a +0 war axe (weapon)
Armour
 b - a +0 scale mail (worn)
 c - a +0 buckler (worn)
Jewellery
 f - a +6 ring of dexterity (left hand)
 g - a +6 ring of strength (right hand)
Scrolls
 h - 3 scrolls of identify {unknown}
 i - a scroll of immolation {unknown}
 j - 2 scrolls of fog {unknown}
 m - a scroll of butterflies {unknown}
 n - a scroll of revelation {unknown}
Potions
 d - 2 potions of might
 e - 2 potions of attraction {unknown}
 k - a potion of mutation {unknown}
 l - a potion of enlightenment {unknown}


   Skills:
 + Level 4.2 Fighting
 + Level 5.0 Axes
 + Level 4.3 Armour
 + Level 0.4 Dodging
 + Level 4.0 Shields


You had 4 spell levels left.
You didn't know any spells.
Your spell library contained the following spells:

 Spells                   Type           Power      Damage    Failure   Level
 Ensorcelled Hibernation  Hex/Ice        0%         N/A       63%         2
 Fugue of the Fallen      Necr           0%         N/A       86%         3
 Anguish                  Hex/Necr       0%         N/A       99%         4
 Animate Dead             Necr           0%         N/A       99%         4
 Borgnjor's Vile Clutch   Necr/Erth      0%         N/A       100%        5
 Death Channel            Necr           0%         N/A       100%        6


Dungeon Overview and Level Annotations

Branches:
Dungeon (2/15)

Altars:

Shops:
D:2 :

Annotations:
D:2 Crazy Yiuf


Innate Abilities, Weirdness & Mutations

Your spellcasting is much less encumbered by armour.
You can use scrolls of enchantment on lesser artefacts.


Message History

The web tears apart.
The bat hits you but does no damage. The bat barely misses you.
You slash the bat!
You kill the bat!
You barely miss the ribbon worm. You block the ribbon worm's attack. x2
You completely miss the ribbon worm.
The ribbon worm expels a string of sticky webbing.
The stream of webbing hits you but does no damage.
You are caught in a web!
You struggle to detach yourself from the web.
You struggle to detach yourself from the web.
The ribbon worm bites you but does no damage.
The web tears apart.
You block the ribbon worm's attack.
You slash the ribbon worm!
The ribbon worm is almost dead.
The ribbon worm barely misses you.
You slash the ribbon worm!
You kill the ribbon worm!
Your Axes skill increases to level 5!
Items here: ( ) †††.
Found a scroll labelled ALUNUCW NORGH.
h - 3 scrolls labelled ALUNUCW NORGH (gained 1)
There is a stone staircase leading up here.
You open the door. You hit Crazy Yiuf.
Crazy Yiuf is moderately wounded.
Crazy Yiuf closely misses you.
You hit Crazy Yiuf.
Crazy Yiuf is moderately wounded.
Crazy Yiuf hits you with a +3 quarterstaff of chaos!
You are electrocuted!
You barely miss Crazy Yiuf.
Crazy Yiuf is moderately wounded.
Crazy Yiuf hits you with a +3 quarterstaff of chaos!
You feel your power leaking away.
Crazy Yiuf cries, "Castle snockshim sow!"
Crazy Yiuf hits you with a +3 quarterstaff of chaos.
* * * LOW HITPOINT WARNING * * *
You are electrocuted!
You die...

#....#.......# #.#
###..####.
#######.......#####.#
##.####.
..............##....#
#...##.
#####################
###..#. ##... ♣♣♣♣♣###
###. ### ♣♣♣.♣....##
#. #...#♣..♣......##
#.
#...g@♣♣♣♣......#####.
#)..#♣♣ ♣♣...........
### ♣♣#########. #. #.
###. #... #... #...


You could see Crazy Yiuf.

Vanquished Creatures
  Jessica (D:2)
  Natasha (thrice) (D:2)
  2 adders (D:2)
  4 dart slugs
  3 ribbon worms (D:2)
  4 ball pythons
  4 bats
  6 endoplasms
  4 giant cockroaches
  6 hobgoblins (D:2)
  3 jackals (D:1)
  2 quokkas
  A frilled lizard (D:1)
  3 kobolds
  3 rats
49 creatures vanquished.

Notes
Turn   | Place    | Note
-------+----------+-------------------------------------------
     0 | D:1      | Anathary the Mountain Dwarf Fighter began the quest for the
                  | Orb.
     0 | D:1      | Reached XP level 1. HP: 19/19 MP: 1/1
    90 | D:1      | Reached XP level 2. HP: 22/26 MP: 2/2
   163 | D:1      | Reached XP level 3. HP: 31/31 MP: 3/3
   206 | D:1      | Reached skill level 3 in Axes
   854 | D:2      | Reached XP level 4. HP: 33/40 MP: 4/4
   899 | D:2      | Noticed Natasha
   913 | D:2      | Killed Natasha
   914 | D:2      | Reached skill level 4 in Axes
   933 | D:2      | Noticed Natasha
   948 | D:2      | Killed Natasha
   949 | D:2      | Reached XP level 5. HP: 35/46 MP: 5/5
   992 | D:2      | Found Ciekus's Book Boutique.
  1002 | D:2      | Noticed Natasha
  1007 | D:2      | Killed Natasha
  1203 | D:2      | Found a runed translucent door.
  1204 | D:2      | Noticed Crazy Yiuf
  1236 | D:2      | Noticed Jessica
  1240 | D:2      | Killed Jessica
  1495 | D:2      | Reached skill level 5 in Axes
  1559 | D:2      | Slain by Crazy Yiuf

Illustrated notes

Levels and vault maps discovered:
D:1:      matt_arrival_los_fun, layout_basic, minmay_octomino_j4
D:2:      layout_basic, serial_shops, shop, kennysheep_jessica_study,
          uniq_natasha, uniq_jessica, uniq_crazy_yiuf_cottage

Skill      XL: |  1  2  3  4  5 |
---------------+----------------+-----
Axes           | 3 4 5 |  5.0
Armour         | 4 |  4.3
Fighting       | 4 |  4.2
Shields        | 4 |  4.0
Dodging        | |  0.4

Action                     |  1- 3 |  4- 6 || total
---------------------------+-------+-------++-------
  Melee: War axe           |    70 |    50 ||   120
 Armour: Scale mail        |    50 |    38 ||    88
  Dodge: Dodged            |    46 |    26 ||    72
  Block: Buckler           |    22 |     7 ||    29

Table legend: (Time is in decaauts)
 A = Elapsed time spent in this place.
 B = Non-inter-level travel time spent in this place.
 C = Inter-level travel time spent in this place.
 D = Time resting spent in this place.
 E = Time spent auto-exploring this place.
 F = Levels seen in this place.
 G = Mean time per level.
                   A        B        C        D        E       F      G
               +--------+--------+--------+--------+--------+-----+--------+
         Total |   1618 |   1608 |     10 |    202 |    951 |   2 |  809.0 |
       Dungeon |   1618 |   1608 |     10 |    202 |    951 |   2 |  809.0 |
               +--------+--------+--------+--------+--------+-----+--------+

Top non-repeatable levels by time:
     D:2: 862 daAuts
     D:1: 756 daAuts
